[Event "ICC tourney 2533 (25 5)"]
[Site "Internet Chess Club"]
[Date "2021.04.25"]
[Round "8"]
[White "ARIA NEISHABOURI, JACKSON:K09-16811344"]
[Black "BRINTON, LEVI:K09-16967461"]
[Result "0-1"]
[ICCResult "White checkmated"]
[WhiteElo "976"]
[BlackElo "516"]
[Opening "Scotch: Mieses variation"]
[ECO "C45"]
[NIC "SO.04"]
[Time "17:01:02"]
[PlyCount "56"]
[TimeControl "1500+5"]

1. e4 e5 2. Nf3 Nc6 3. d4 exd4 4. Nxd4 Nf6 5. Nxc6 bxc6 6. e5 Qe7 7. Bf4
Nd5 8. g3 Nxf4 9. gxf4 d6 10. Qe2 dxe5 11. fxe5 Bb7 12. Bg2 O-O-O 13. O-O
g6 14. Nc3 Bg7 15. Rfe1 Rhe8 16. Rad1 Rxd1 17. Qxd1 Bxe5 18. h3 Bh2+ 19.
Kxh2 Qxe1 20. Qg4+ Kb8 21. Ne4 f5 22. Nf6 fxg4 23. Nxe8 Qxe8 24. c4 gxh3
25. Bxh3 Qe5+ 26. Kg2 c5+ 27. Kg1 Qg5+ 28. Bg2 Qxg2# { White checkmated }
0-1

[Event "ICC tourney 2533 (25 5)"]
[Site "Internet Chess Club"]
[Date "2021.04.25"]
[Round "8"]
[White "ARMAN NEISHABOURI, JAMES:K09-16811338"]
[Black "DESAI, SATVIK:K09-17061744"]
[Result "0-1"]
[ICCResult "White checkmated"]
[WhiteElo "427"]
[BlackElo "794"]
[Opening "French: advance, Nimzovich system"]
[ECO "C02"]
[NIC "FR.03"]
[Time "17:03:01"]
[PlyCount "64"]
[TimeControl "1500+5"]

1. e4 e6 2. d4 d5 3. e5 c5 4. Nf3 g6 5. dxc5 Bxc5 6. Nc3 Nc6 7. Bb5 Ne7 8.
Bg5 Bd7 9. Bf6 Rg8 10. Ng5 Qc7 11. Bxc6 Bxc6 12. Bxe7 Qxe7 13. Nxh7 O-O-O
14. Qd2 Rh8 15. Ng5 Rh5 16. Nf3 b5 17. Qe2 b4 18. Qa6+ Qb7 19. Qxb7+ Bxb7
20. Nb5 Kb8 21. b3 Ba6 22. Nbd4 Bxd4 23. Nxd4 Rxe5+ 24. Ne2 Rxe2+ 25. Kd1
Rc8 26. Rc1 f5 27. Re1 Rxf2 28. Rxe6 Kb7 29. Re7+ Ka8 30. Rd7 Rxg2 31. Rxd5
Rxh2 32. Rd2 Rh1# { White checkmated } 0-1

[Event "ICC tourney 2533 (25 5)"]
[Site "Internet Chess Club"]
[Date "2021.04.25"]
[Round "8"]
[White "TERANCE JOE HESTON, NITISH JOSON:K09-17107894"]
[Black "GIBSON, MICHAEL:K09-17297651"]
[Result "1-0"]
[ICCResult "Black checkmated"]
[WhiteElo "1041"]
[BlackElo "585"]
[Opening "QGD: 3.Nc3"]
[ECO "D31"]
[NIC "QO.17"]
[Time "17:03:38"]
[PlyCount "39"]
[TimeControl "1500+5"]

1. d4 e6 2. c4 d5 3. Nc3 dxc4 4. e3 Nc6 5. Bxc4 a6 6. Nf3 b5 7. Bb3 b4 8.
Ne4 Nf6 9. Nxf6+ Qxf6 10. O-O Bd6 11. Qd3 a5 12. Ba4 Bb7 13. Qc4 Ra6 14. e4
O-O 15. e5 Bxe5 16. dxe5 Nxe5 17. Nxe5 Qxe5 18. Bc2 Rc6 19. Qd3 Rd6 20.
Qxh7# { Black checkmated } 1-0

[Event "ICC tourney 2533 (25 5)"]
[Site "Internet Chess Club"]
[Date "2021.04.25"]
[Round "8"]
[White "SRIADITYA KUNAPULI, SIDDARTH:K09-16368693"]
[Black "KOTHAPALLI, ASHISH:K09-16185293"]
[Result "1-0"]
[ICCResult "Black checkmated"]
[WhiteElo "1533"]
[BlackElo "897"]
[Opening "Scotch gambit: Dubois-Réti defense"]
[ECO "C55"]
[NIC "KP.02"]
[Time "17:03:01"]
[PlyCount "69"]
[TimeControl "1500+5"]

1. e4 e5 2. Nf3 Nc6 3. d4 exd4 4. Bc4 Nf6 5. e5 Ng8 6. O-O d5 7. exd6 Qxd6
8. Re1+ Be7 9. Ng5 Ne5 10. Bf4 f6 11. Bxe5 fxe5 12. Nf7 Qb4 13. Qh5 Qxe1+
14. Bf1 g6 15. Qf3 Nf6 16. Nxh8 c6 17. Qb3 Nd5 18. Nc3 Qxa1 19. Nxd5 Be6
20. Nc7+ Kd7 21. Qxe6+ Kxc7 22. Qxe7+ Kb6 23. Qb4+ Kc7 24. Nf7 Qxa2 25.
Qd6+ Kb6 26. Nxe5 Qxb2 27. Nc4+ Kb5 28. Nxb2+ Kb6 29. Nc4+ Kb5 30. Na3+ Kb6
31. Qxd4+ Kc7 32. Qf4+ Kb6 33. Nc4+ Kc5 34. Qe5+ Kb4 35. Qa5# { Black
checkmated } 1-0

[Event "ICC tourney 2533 (25 5)"]
[Site "Internet Chess Club"]
[Date "2021.04.25"]
[Round "8"]
[White "GUPTA, RANVIR:K09-16547074"]
[Black "PRASAD, ANKUR:K09-16588712"]
[Result "0-1"]
[ICCResult "White resigns"]
[WhiteElo "166"]
[BlackElo "704"]
[Opening "Ruy Lopez: classical (Cordel) defense"]
[ECO "C64"]
[NIC "RL.01"]
[Time "17:02:51"]
[PlyCount "106"]
[TimeControl "1500+5"]

1. e4 e5 2. Nf3 Nc6 3. Bb5 Bc5 4. Bxc6 bxc6 5. Nxe5 Ba6 6. d3 Qf6 7. Nf3 d5
8. O-O dxe4 9. dxe4 Bxf1 10. Qxf1 Bd4 11. Nxd4 Qxd4 12. Qd3 Qxd3 13. cxd3
Rd8 14. g3 Rxd3 15. Bf4 Nf6 16. Bxc7 Rd1+ 17. Kg2 Kd7 18. Be5 Nxe4 19. Bxg7
Rb8 20. Be5 Rb5 21. Bf4 Rxb2 22. Be3 Rbxb1 23. Rxb1 Rxb1 24. Bxa7 Ra1 25.
Be3 Rxa2 26. Kf3 Nd6 27. Bf4 Ra8 28. g4 Rc8 29. h4 c5 30. h5 c4 31. g5 c3
32. g6 fxg6 33. hxg6 hxg6 34. Kg4 c2 35. f3 c1=Q 36. Bxc1 Rxc1 37. f4 Rg1+
38. Kf3 Nf5 39. Ke4 Re1+ 40. Kf3 Nd4+ 41. Kg4 Rg1+ 42. Kh3 Ne6 43. Kh2 Rg4
44. Kh3 Rxf4 45. Kh2 Ra4 46. Kg2 Ra8 47. Kf3 Rg8 48. Kg4 g5 49. Kh3 g4+ 50.
Kg3 Nd4 51. Kh2 g3+ 52. Kg2 Nb5 53. Kg1 g2 { White resigns } 0-1

[Event "ICC tourney 2533 (25 5)"]
[Site "Internet Chess Club"]
[Date "2021.04.25"]
[Round "8"]
[White "ROLLEN GOINS, DEVIN:K09-17182980"]
[Black "BAI, ANDREAS:K09-16085755"]
[Result "1-0"]
[ICCResult "Black checkmated"]
[WhiteElo "477"]
[BlackElo "540"]
[Opening "Giuoco Piano: four knights variation"]
[ECO "C26"]
[NIC "VG.02"]
[Time "17:01:07"]
[PlyCount "53"]
[TimeControl "1500+5"]

1. e4 e5 2. Bc4 Nf6 3. Nc3 Bc5 4. Nf3 Nc6 5. O-O d6 6. Bxf7+ Kxf7 7. d3 Bg4
8. h3 Bh5 9. Ng5+ Ke8 10. Qe1 h6 11. Ne6 Qe7 12. Nxc5 dxc5 13. Be3 Nb4 14.
Qc1 Rd8 15. b3 Kd7 16. Qa3 Nxc2 17. Qb2 Nxa1 18. Qxa1 Kc8 19. Qb2 Rxd3 20.
Nb5 a6 21. Na7+ Kb8 22. Nc6+ bxc6 23. Qa3 Be2 24. Bxc5 Qd7 25. Qxa6 Bxf1
26. Qa7+ Kc8 27. Qa8# { Black checkmated } 1-0

[Event "ICC tourney 2533 (25 5)"]
[Site "Internet Chess Club"]
[Date "2021.04.25"]
[Round "8"]
[White "DAWN COLE SHIELDS, JATYN:K09-16024704"]
[Black "ALBERT STERN, MATTHEW:K09-16865142"]
[Result "0-1"]
[ICCResult "White checkmated"]
[WhiteElo "404"]
[BlackElo "789"]
[Opening "Vienna game"]
[ECO "C25"]
[NIC "VG.04"]
[Time "17:01:21"]
[PlyCount "50"]
[TimeControl "1500+5"]

1. e4 e5 2. Nc3 Bc5 3. Qe2 Nf6 4. Nf3 d6 5. d4 exd4 6. Na4 Nc6 7. e5 dxe5
8. Nxc5 Bg4 9. Nxb7 Qb8 10. Nd6+ cxd6 11. h3 Bxf3 12. Qxf3 Nb4 13. a4 Nxc2+
14. Kd1 Nxa1 15. Bb5+ Nd7 16. Re1 Qc8 17. Re2 O-O 18. Bd3 Nc5 19. Bh6 gxh6
20. Qg3+ Kh8 21. f4 exf4 22. Qxf4 Nxd3 23. Qxh6 Nb3 24. Rc2 Qf5 25. g4 Qf1#
{ White checkmated } 0-1

[Event "ICC tourney 2533 (25 5)"]
[Site "Internet Chess Club"]
[Date "2021.04.25"]
[Round "8"]
[White "ENRIQUEZ, EULALIO:K09-16621387"]
[Black "KAMISETTY, NIKHIL:K09-15482975"]
[Result "0-1"]
[ICCResult "White checkmated"]
[WhiteElo "1071"]
[BlackElo "1452"]
[Opening "French: advance, Nimzovich system"]
[ECO "C02"]
[NIC "FR.03"]
[Time "17:01:01"]
[PlyCount "36"]
[TimeControl "1500+5"]

1. e4 e6 2. d4 d5 3. e5 c5 4. Nf3 Qb6 5. b3 Nc6 6. Bb2 Nh6 7. Nbd2 cxd4 8.
Nb1 Nf5 9. g4 Nh6 10. Bxd4 Nxd4 11. Nxd4 Bd7 12. Nc3 Bb4 13. Qd2 Rc8 14.
Nde2 Nxg4 15. Rg1 Qxf2+ 16. Kd1 Qxg1 17. Qf4 Qc5 18. Na4 Qxc2# { White
checkmated } 0-1

[Event "ICC tourney 2533 (25 5)"]
[Site "Internet Chess Club"]
[Date "2021.04.25"]
[Round "8"]
[White "MCCOY, KEVIN:K09-15792666"]
[Black "CRIST, CARTER:K09-15446271"]
[Result "1-0"]
[ICCResult "Black checkmated"]
[WhiteElo "906"]
[BlackElo "435"]
[Opening "Philidor's defense"]
[ECO "C41"]
[NIC "KP.10"]
[Time "17:03:17"]
[PlyCount "59"]
[TimeControl "1500+5"]

1. e4 e5 2. Nf3 d6 3. Nc3 Nc6 4. d4 exd4 5. Nxd4 Nf6 6. Nxc6 bxc6 7. Bg5 d5
8. exd5 cxd5 9. Bxf6 Qxf6 10. Nxd5 Qe6+ 11. Be2 Bb4+ 12. c3 Bd6 13. O-O Qe5
14. g3 O-O 15. Re1 Bb7 16. Bf3 Qh5 17. Bxh5 Rfe8 18. Rxe8+ Rxe8 19. Qf3 g6
20. Nf6+ Kf8 21. Qxb7 Re6 22. Qc8+ Kg7 23. Ne8+ Kh6 24. Nxd6 Rxd6 25. Qh8
Kxh5 26. Qxh7+ Kg5 27. Qxf7 Kg4 28. Qc4+ Kf3 29. Qf4+ Ke2 30. Qe3# { Black
checkmated } 1-0

[Event "ICC tourney 2533 (25 5)"]
[Site "Internet Chess Club"]
[Date "2021.04.25"]
[Round "8"]
[White "WANG, JOSEPH Y:K09-15722256"]
[Black "ELIAS FALL, KHADIM:K09-15886147"]
[Result "1-0"]
[ICCResult "Black checkmated"]
[WhiteElo "1419"]
[BlackElo "753"]
[Opening "Scotch gambit: Benima defense"]
[ECO "C50"]
[NIC "IG.03"]
[Time "17:03:15"]
[PlyCount "61"]
[TimeControl "1500+5"]

1. e4 e5 2. Nf3 Nc6 3. Bc4 Be7 4. d4 exd4 5. Nxd4 d6 6. Nc3 Nf6 7. f3 O-O
8. Be3 Be6 9. Bb3 Bxb3 10. axb3 Qd7 11. Qd2 Rad8 12. g4 Nxd4 13. Qxd4 c5
14. Qd2 d5 15. exd5 Nxd5 16. O-O-O Qe6 17. Nxd5 Rxd5 18. Qxd5 Qa6 19. c3
Qa1+ 20. Kc2 Qa6 21. h4 Qe2+ 22. Bd2 Qa6 23. h5 Rd8 24. Qe5 Bf6 25. Qe4 h6
26. f4 Kf8 27. g5 hxg5 28. fxg5 Be7 29. g6 fxg6 30. hxg6 b5 31. Rh8# {
Black checkmated } 1-0

[Event "ICC tourney 2533 (25 5)"]
[Site "Internet Chess Club"]
[Date "2021.04.25"]
[Round "8"]
[White "KOLLIPARA, AMOGH:K09-15294780"]
[Black "NG, TIMOTHY:K09-15541548"]
[Result "0-1"]
[ICCResult "White resigns"]
[WhiteElo "1422"]
[BlackElo "1857"]
[Opening "King's Indian defense, 3.Nc3"]
[ECO "E61"]
[NIC "KI.80"]
[Time "17:00:55"]
[PlyCount "38"]
[TimeControl "1500+5"]

1. d4 Nf6 2. c4 g6 3. Nc3 Bg7 4. Bf4 d6 5. e3 O-O 6. Nf3 Nbd7 7. Bd3 Qe8 8.
O-O e5 9. dxe5 dxe5 10. Bg5 e4 11. Bxf6 Nxf6 12. Ng5 exd3 13. Qxd3 Bf5 14.
e4 Be6 15. e5 Nd7 16. f4 c6 17. f5 Nxe5 18. Qh3 h6 19. fxg6 Bxh3 { White
resigns } 0-1

[Event "ICC tourney 2533 (25 5)"]
[Site "Internet Chess Club"]
[Date "2021.04.25"]
[Round "8"]
[White "HU, MERRIC:K09-14686967"]
[Black "RUBINSTEIN MASH, ALEXANDER:K09-15052095"]
[Result "1-0"]
[ICCResult "Black checkmated"]
[WhiteElo "2275"]
[BlackElo "1674"]
[Opening "Caro-Kann: advance variation"]
[ECO "B12"]
[NIC "CK.02"]
[Time "17:00:24"]
[PlyCount "65"]
[TimeControl "1500+5"]

1. e4 c6 2. d4 d5 3. e5 c5 4. c3 Nc6 5. Nf3 Bg4 6. Be3 e6 7. dxc5 Nxe5 8.
Qa4+ Qd7 9. Bb5 Nc6 10. Ne5 Qc7 11. Nxc6 bxc6 12. Bxc6+ Kd8 13. Bxa8 Nf6
14. c6 Bd6 15. Qxa7 Qxa7 16. Bxa7 Kc7 17. Bb7 e5 18. O-O e4 19. a4 h5 20.
b4 h4 21. h3 Be2 22. Re1 Bd3 23. b5 g5 24. Bd4 Be7 25. b6+ Kd6 26. c7 Kd7
27. c8=Q+ Rxc8 28. Bxc8+ Kxc8 29. a5 Nh5 30. a6 Kb8 31. Be5+ Ka8 32. b7+
Ka7 33. b8=Q# { Black checkmated } 1-0

[Event "ICC tourney 2533 (25 5)"]
[Site "Internet Chess Club"]
[Date "2021.04.25"]
[Round "8"]
[White "N DAAS, CHIRAG:K09-16003211"]
[Black "JIAN GARCIA, JAMES:K09-15774152"]
[Result "1-0"]
[ICCResult "Black checkmated"]
[WhiteElo "470"]
[BlackElo "842"]
[Opening "French: exchange variation"]
[ECO "C01"]
[NIC "FR.01"]
[Time "17:02:18"]
[PlyCount "109"]
[TimeControl "1500+5"]

1. e4 e6 2. d4 d5 3. exd5 exd5 4. c4 Nc6 5. Nf3 Bg4 6. cxd5 Bxf3 7. Qxf3
Nxd4 8. Qe3+ Qe7 9. Qxe7+ Bxe7 10. Bd3 Nf6 11. Nc3 O-O 12. O-O Rad8 13. Be3
Nxd5 14. Bxd4 Nxc3 15. Bxh7+ Kxh7 16. Bxc3 Rfe8 17. Rfd1 Bf6 18. Bxf6 gxf6
19. Rxd8 Rxd8 20. g3 Rd2 21. b3 Kg6 22. Kg2 Kg5 23. Kf3 f5 24. h4+ Kh5 25.
Rc1 c6 26. Rc5 Kg6 27. h5+ Kxh5 28. Rxf5+ Kg6 29. Ra5 a6 30. Ra3 f5 31. Ke3
Rc2 32. b4 Kg5 33. f4+ Kg4 34. Kd4 Rd2+ 35. Ke5 Rd1 36. Rc3 Rg1 37. a3 Rd1
38. Rc5 Rd5+ 39. Rxd5 cxd5 40. Kxd5 Kxg3 41. Ke5 Kf3 42. Kxf5 Ke3 43. Ke5
Kd3 44. f5 Kc4 45. Kd6 b5 46. f6 Kb3 47. Kc5 Kxa3 48. f7 Kb3 49. f8=Q Ka4
50. Qa8 a5 51. bxa5 b4 52. a6 b3 53. a7 b2 54. Qb8 b1=Q 55. a8=Q# { Black
checkmated } 1-0

[Event "ICC tourney 2533 (25 5)"]
[Site "Internet Chess Club"]
[Date "2021.04.25"]
[Round "8"]
[White "RISHI VALLISHAYEE, RIBHAV:K09-15499101"]
[Black "GUPTA, SANAT:K09-16396482"]
[Result "1-0"]
[ICCResult "Black checkmated"]
[WhiteElo "544"]
[BlackElo "1224"]
[Opening "Sicilian: Najdorf, Byrne (English) attack"]
[ECO "B90"]
[NIC "SI.14"]
[Time "17:02:02"]
[PlyCount "59"]
[TimeControl "1500+5"]

1. e4 c5 2. Nf3 d6 3. d4 cxd4 4. Nxd4 Nf6 5. Nc3 a6 6. Be3 b5 7. Bd3 Bb7 8.
O-O Nbd7 9. a4 b4 10. Na2 a5 11. c3 bxc3 12. Nxc3 Nc5 13. Bb5+ Nfd7 14. Nf5
Nxe4 15. Nd5 e6 16. Bb6 Qc8 17. Nc7+ Kd8 18. Nxa8+ Nxb6 19. Nxb6 Qc5 20.
Nc4 exf5 21. Rc1 Qa7 22. Ne5 Ke7 23. Rc7+ Kf6 24. Rxf7+ Kxe5 25. Bc6 Qc5
26. Bxb7 Ke6 27. Qb3+ Ke5 28. Bxe4 Kxe4 29. Re1+ Kf4 30. Qg3# { Black
checkmated } 1-0

[Event "ICC tourney 2533 (25 5)"]
[Site "Internet Chess Club"]
[Date "2021.04.25"]
[Round "8"]
[White "REYNOLDS, TYLER:K09-15100161"]
[Black "JAMES, MATTHEW:K09-16417961"]
[Result "0-1"]
[ICCResult "White resigns"]
[WhiteElo "1207"]
[BlackElo "1820"]
[Opening "French: Fort Knox variation"]
[ECO "C10"]
[NIC "FR.07"]
[Time "17:04:09"]
[PlyCount "50"]
[TimeControl "1500+5"]

1. e4 e6 2. d4 d5 3. Nc3 dxe4 4. Nxe4 Bd7 5. Nf3 Bc6 6. Bd3 Bxe4 7. Bxe4 c6
8. Bf4 Nf6 9. Bd3 Bd6 10. Bg5 Nbd7 11. O-O Qc7 12. c4 h6 13. Bd2 Ng4 14. h3
Ngf6 15. Qc2 g5 16. c5 Bf4 17. Bxf4 Qxf4 18. Qd2 Qc7 19. Nh2 Nd5 20. Rfe1
Nf4 21. Ng4 h5 22. Ne5 Nxe5 23. Rxe5 O-O-O 24. Qe3 Nxd3 25. Qxd3 Qxe5 {
White resigns } 0-1

[Event "ICC tourney 2533 (25 5)"]
[Site "Internet Chess Club"]
[Date "2021.04.25"]
[Round "8"]
[White "CHOPRA, NIKITA:K09-30161249"]
[Black "ACHATA, CAMERON:K09-16677725"]
[Result "0-1"]
[ICCResult "White checkmated"]
[WhiteElo "1015"]
[BlackElo "536"]
[Opening "Queen's pawn: Charlick (Englund) gambit"]
[ECO "A40"]
[NIC "QO.17"]
[Time "17:02:02"]
[PlyCount "60"]
[TimeControl "1500+5"]

1. d4 e5 2. dxe5 Nc6 3. Nf3 Qe7 4. Bf4 Qb4+ 5. Qd2 Qxb2 6. Qc3 Bb4 7. Bd2
Bxc3 8. Nxc3 Qxa1+ 9. Nd1 Nd4 10. Nxd4 Qxd4 11. Bc3 Qb6 12. e4 f6 13. exf6
Nxf6 14. Bd3 O-O 15. O-O Ng4 16. Bc4+ Kh8 17. h3 Nf6 18. Re1 Qc5 19. Bb3
Re8 20. e5 Nd5 21. Bb2 d6 22. Ne3 Nxe3 23. Rxe3 dxe5 24. Bf7 Rd8 25. Rxe5
Qxc2 26. Ba3 Rd1+ 27. Kh2 Bd7 28. Bb3 Qxf2 29. Re7 Qf4+ 30. g3 Qf2# { White
checkmated } 0-1

[Event "ICC tourney 2533 (25 5)"]
[Site "Internet Chess Club"]
[Date "2021.04.25"]
[Round "8"]
[White "CHUGH, AARUSH:K09-14970943"]
[Black "JUSTICE, DREW:K09-14561797"]
[Result "0-1"]
[ICCResult "White resigns"]
[WhiteElo "1500"]
[BlackElo "2030"]
[Opening "French: classical"]
[ECO "C13"]
[NIC "FR.06"]
[Time "17:04:06"]
[PlyCount "28"]
[TimeControl "1500+5"]

1. e4 e6 2. d4 d5 3. Nc3 Nf6 4. Bg5 Be7 5. exd5 exd5 6. Nf3 O-O 7. Bd3 Bg4
8. h3 Bh5 9. g4 Bg6 10. Bxg6 fxg6 11. Qd2 Ne4 12. Bxe7 Nxd2 13. Bxd8 Nxf3+
14. Kf1 Rxd8 { White resigns } 0-1

[Event "ICC tourney 2533 (25 5)"]
[Site "Internet Chess Club"]
[Date "2021.04.25"]
[Round "8"]
[White "GANTI AGRAWAL, SIDDHARTH:K09-15429648"]
[Black "REVES, YIANNI:K09-16805341"]
[Result "1-0"]
[ICCResult "Black resigns"]
[WhiteElo "1748"]
[BlackElo "1184"]
[Opening "Queen's pawn"]
[ECO "A40"]
[NIC "QO.17"]
[Time "17:03:40"]
[PlyCount "49"]
[TimeControl "1500+5"]

1. d4 e6 2. Nf3 d5 3. g3 c5 4. Bg2 Nc6 5. O-O Nf6 6. c4 Be7 7. Nc3 dxc4 8.
Qa4 O-O 9. dxc5 Bxc5 10. Qxc4 Qb6 11. a3 Nd4 12. Na4 Nxf3+ 13. Bxf3 Bxf2+
14. Rxf2 Qd6 15. Bf4 Qe7 16. Rd1 Bd7 17. Bd6 Qe8 18. Nc5 Rc8 19. Qd4 b6 20.
Nxd7 Nxd7 21. Bxf8 Nxf8 22. Be4 Qb5 23. e3 Rc5 24. Qd3 Qxb2 25. Rxb2 {
Black resigns } 1-0

[Event "ICC tourney 2533 (25 5)"]
[Site "Internet Chess Club"]
[Date "2021.04.25"]
[Round "8"]
[White "CHI, ZIYANG:K09-16218796"]
[Black "TANN, KEVIN:K09-16685678"]
[Result "1-0"]
[ICCResult "Black checkmated"]
[WhiteElo "879"]
[BlackElo "142"]
[Opening "King's pawn game"]
[ECO "C50"]
[NIC "IG.03"]
[Time "17:03:38"]
[PlyCount "61"]
[TimeControl "1500+5"]

1. e4 e5 2. Nf3 Nc6 3. Bc4 Nd4 4. Nxd4 exd4 5. d3 c5 6. Bf4 Bd6 7. Bxd6 Qb6
8. Be5 f6 9. Bf4 Qxb2 10. Nd2 b6 11. Nf3 Qc3+ 12. Bd2 Qb2 13. Rb1 Qa3 14.
Rb3 Qxa2 15. O-O Ba6 16. Rb5 Qa4 17. Rb3 Bxc4 18. dxc4 Qxc4 19. Bf4 g5 20.
Bd6 Qe6 21. Bg3 h5 22. h4 g4 23. Nh2 O-O-O 24. Re1 Re8 25. f3 f5 26. exf5
Qf7 27. Rxe8+ Qxe8 28. fxg4 hxg4 29. Nxg4 Qh5 30. Qf3 Nh6 31. Qa8# { Black
checkmated } 1-0

[Event "ICC tourney 2533 (25 5)"]
[Site "Internet Chess Club"]
[Date "2021.04.25"]
[Round "8"]
[White "KIM, JOON:K09-16270585"]
[Black "SIVAPRAKASH, AARUDHRAN:K09-15971582"]
[Result "1-0"]
[ICCResult "Black checkmated"]
[WhiteElo "1182"]
[BlackElo "711"]
[Opening "Two knights defense"]
[ECO "C55"]
[NIC "KP.02"]
[Time "17:01:01"]
[PlyCount "41"]
[TimeControl "1500+5"]

1. e4 e5 2. Nf3 Nc6 3. d4 exd4 4. Bc4 Nf6 5. O-O Bc5 6. Re1 d6 7. Ng5 Bg4
8. f3 Qd7 9. fxg4 Nxg4 10. Bxf7+ Ke7 11. Be6 Qe8 12. Qxg4 h5 13. Qf3 d3+
14. Kh1 Rf8 15. Qxd3 Nb4 16. Qc3 Qb5 17. Qxg7+ Ke8 18. Bf7+ Rxf7 19. Qxf7+
Kd8 20. Ne6+ Kc8 21. Qxc7# { Black checkmated } 1-0

[Event "ICC tourney 2533 (25 5)"]
[Site "Internet Chess Club"]
[Date "2021.04.25"]
[Round "8"]
[White "YANG, ANDREW:K09-16578406"]
[Black "ANDERSON, NATE:K09-15675466"]
[Result "1-0"]
[ICCResult "Black checkmated"]
[WhiteElo "1263"]
[BlackElo "616"]
[Opening "Old Benoni defense"]
[ECO "A43"]
[NIC "OI.09"]
[Time "17:03:46"]
[PlyCount "127"]
[TimeControl "1500+5"]

1. d4 c5 2. dxc5 Qa5+ 3. Nc3 Qxc5 4. Nf3 Nc6 5. Bf4 Qb4 6. Rb1 g6 7. Bd2
Qd6 8. e3 Bg7 9. Bd3 Nf6 10. O-O O-O 11. Nb5 Qc5 12. a3 a6 13. Nbd4 Nxd4
14. exd4 Qc6 15. Qc1 b5 16. c3 Bb7 17. Bh6 Qe6 18. Re1 Qg4 19. Be2 Bxf3 20.
Bxf3 Qh4 21. Bxg7 Kxg7 22. Rxe7 Rfe8 23. Rxe8 Rxe8 24. Qd2 Ne4 25. Bxe4
Rxe4 26. Re1 Rxe1+ 27. Qxe1 Qg5 28. Qe5+ Kh6 29. Qxg5+ Kxg5 30. f3 Kf4 31.
Kf2 d5 32. g3+ Kf5 33. Ke3 Ke6 34. h4 f6 35. Kf4 h5 36. g4 hxg4 37. fxg4
Kd6 38. h5 gxh5 39. gxh5 Ke6 40. h6 Kf7 41. Kf5 a5 42. h7 Kg7 43. h8=Q+
Kxh8 44. Kxf6 Kh7 45. Ke5 Kg6 46. Kxd5 Kf5 47. Kc5 Ke4 48. Kxb5 Kd3 49. d5
Kc2 50. Kxa5 Kxb2 51. d6 Kxc3 52. d7 Kb3 53. d8=Q Kxa3 54. Qd4 Kb3 55. Kb5
Kc2 56. Qe3 Kb2 57. Kb4 Kc2 58. Qc3+ Kd1 59. Qb2 Ke1 60. Kc3 Kf1 61. Kd3
Kg1 62. Ke3 Kh1 63. Kf3 Kg1 64. Qg2# { Black checkmated } 1-0

[Event "ICC tourney 2533 (25 5)"]
[Site "Internet Chess Club"]
[Date "2021.04.25"]
[Round "8"]
[White "THOMAS HOMAN DORFMAN, JOSH:K09-16684523"]
[Black "BALAMURUGAN, ABHIJAY:K09-16913354"]
[Result "1-0"]
[ICCResult "Black checkmated"]
[WhiteElo "533"]
[BlackElo "1026"]
[Opening "Ruy Lopez: classical defense, 4.c3"]
[ECO "C64"]
[NIC "RL.01"]
[Time "17:03:16"]
[PlyCount "59"]
[TimeControl "1500+5"]

1. e4 e5 2. Nf3 Nc6 3. Bb5 Bc5 4. c3 Nf6 5. d4 exd4 6. cxd4 Bb4+ 7. Bd2
Bxd2+ 8. Nbxd2 d6 9. d5 a6 10. Bxc6+ bxc6 11. dxc6 O-O 12. O-O Re8 13. Re1
Rb8 14. Qc2 Bg4 15. e5 dxe5 16. Rxe5 Bxf3 17. Rxe8+ Qxe8 18. Nxf3 Rb6 19.
Rc1 Nd5 20. Re1 Qf8 21. Ng5 g6 22. Rc1 Nb4 23. Qc4 Rxc6 24. Qf1 Rxc1 25.
Qxc1 Qh6 26. f4 f6 27. Qc4+ Kg7 28. Qf7+ Kh8 29. Qe8+ Kg7 30. Ne6# { Black
checkmated } 1-0

[Event "ICC tourney 2533 (25 5)"]
[Site "Internet Chess Club"]
[Date "2021.04.25"]
[Round "8"]
[White "GIBSON DAVIS, ZACHARY:K09-15656534"]
[Black "MYASNIKOV, YELIZAVETA:K09-16896083"]
[Result "1-0"]
[ICCResult "Black checkmated"]
[WhiteElo "753"]
[BlackElo "367"]
[Opening "Giuoco Pianissimo: Italian four knights variation"]
[ECO "C55"]
[NIC "IG.01"]
[Time "17:04:09"]
[PlyCount "43"]
[TimeControl "1500+5"]

1. e4 e5 2. Nf3 Nc6 3. Bc4 Nf6 4. Nc3 Bc5 5. d3 O-O 6. Bg5 Qe8 7. O-O Ng4
8. Bh4 d6 9. Ng5 Nd4 10. Nd5 Qd7 11. Ne3 Nf6 12. c3 Nc6 13. Qf3 Na5 14. Nf5
b5 15. Bb3 c6 16. Nh3 d5 17. Nxg7 Kxg7 18. Qxf6+ Kg8 19. Qg5+ Kh8 20. Qf5
Qd6 21. Bf6+ Kg8 22. Qg5# { Black checkmated } 1-0

[Event "ICC tourney 2533 (25 5)"]
[Site "Internet Chess Club"]
[Date "2021.04.25"]
[Round "8"]
[White "ZIESLER, GAVIN:K09-16208172"]
[Black "HENRY EASTERDAY, WILLIAM:K09-16350945"]
[Result "1-0"]
[ICCResult "Black resigns"]
[WhiteElo "364"]
[BlackElo "1150"]
[Opening "King's pawn opening"]
[ECO "B07"]
[NIC "VO.17"]
[Time "17:01:41"]
[PlyCount "85"]
[TimeControl "1500+5"]

1. e4 d6 2. f4 g6 3. d3 Nf6 4. Be3 Bg7 5. Nc3 O-O 6. Qd2 Nc6 7. O-O-O e5 8.
fxe5 Nxe5 9. Bd4 Nfg4 10. Bxe5 Bh6 11. Bf4 Bxf4 12. Qxf4 g5 13. Qg3 Qf6 14.
Be2 Nf2 15. Rf1 Qf4+ 16. Qxf4 gxf4 17. Rxf2 f5 18. exf5 Rxf5 19. Nh3 Be6
20. Nxf4 Raf8 21. Rhf1 Bd7 22. Bg4 R5f7 23. Bxd7 Rxd7 24. Ne6 Rxf2 25. Rxf2
Rf7 26. Rxf7 Kxf7 27. Nxc7 Ke7 28. N7b5 a6 29. Nd4 Kf6 30. Ne4+ Ke5 31. c3
d5 32. Nf3+ Kf4 33. Nf6 Kf5 34. Nxd5 Ke6 35. Nc7+ Kd6 36. Ne8+ Ke7 37. Ng7
Kf6 38. Nh5+ Kg6 39. Nf4+ Kf5 40. Ne2 Kg4 41. h3+ Kf5 42. g4+ Kg6 43. d4 {
Black resigns } 1-0

[Event "ICC tourney 2533 (25 5)"]
[Site "Internet Chess Club"]
[Date "2021.04.25"]
[Round "8"]
[White "VINCENT BAUTISTA, LUIS:K09-16516698"]
[Black "A STIDHAM, ALLEN:K09-16027993"]
[Result "0-1"]
[ICCResult "White checkmated"]
[WhiteElo "625"]
[BlackElo "1041"]
[Opening "Sicilian"]
[ECO "B50"]
[NIC "SI.01"]
[Time "17:04:01"]
[PlyCount "70"]
[TimeControl "1500+5"]

1. e4 c5 2. Nf3 d6 3. Nc3 e5 4. Bc4 Nc6 5. d3 Be7 6. Nd5 Nf6 7. Nxe7 Qxe7
8. Bg5 O-O 9. O-O Bg4 10. b3 Nd4 11. Bxf6 Qxf6 12. Bd5 Rab8 13. c4 Bxf3 14.
gxf3 Nxf3+ 15. Kh1 Qf4 16. Qxf3 Qxf3+ 17. Kg1 Qxd3 18. f3 Qe3+ 19. Kh1 Qg5
20. Rg1 Qf6 21. Rg2 Qxf3 22. Rg1 g6 23. Ra1 h5 24. Rb1 h4 25. h3 Qxh3+ 26.
Rh2 Qf3+ 27. Rg2 h3 28. Rg1 hxg2+ 29. Rxg2 Kg7 30. Kg1 Rh8 31. Rf2 Qd1+ 32.
Kg2 Rh6 33. Rxf7+ Kh8 34. Rf2 Qg4+ 35. Kf1 Rh1# { White checkmated } 0-1